 Dungeon Crawl Stone Soup version 0.31-a0-743-g45f7035092 (webtiles) character file.

Game seed: 6971953371830621073

1729 cforsyth the Fighter (level 9, -3/63 HPs)
             Began as a Djinni Chaos Knight on Sept 12, 2023.
             Was a Follower of Hepliaklqana.
             Killed by divine providence
             ... invoked by an orc priest
             ... summoned by Xom
              (11 damage)
             ... on level 6 of the Dungeon.
             The game lasted 00:06:55 (4838 turns).

cforsyth the Fighter (Djinni Chaos Knight)          Turns: 4838, Time: 00:06:56

Health: -3/63      AC:  7    Str: 11    XL:     9   Next: 25%
Gold:   204        EV: 11    Int: 18    God:    Hepliaklqana [*.....] SH:  0 Dex: 13

rFire   + . .        B - +4 mace (protect)
rCold   . . .        (no shield)
rNeg    . . .        b - +2 leather armour
rPois   ∞            (no helmet)
rElec   .            u - +1 cloak
rCorr   .            (no gloves)
SInv    +            (boots unavailable)
Will    .....        (no amulet)
Stlth   +            e - ring of see invisible
HPRegen 0.30/turn    q - ring of ice
MPRegen 0.00/turn

%: infuse magic (-4 HP)
@: flying
A: reduced essence, sickness immunity, fire resistance 2, cold vulnerability 1,
float, innate caster, HP casting, extra vitality 1
a: Renounce Religion, Recall Ancestor, Ancestor Identity


You were on level 6 of the Dungeon.
You worshipped Hepliaklqana.
Hepliaklqana was aware of your devotion.
You visited 1 branch of the dungeon, and saw 6 of its levels.

You collected 232 gold pieces.
You spent 28 gold pieces at shops.

Inventory:

Hand Weapons
 a - a +0 falchion of chaos
 B - a +4 mace of protection (weapon)
Armour
 b - a +2 leather armour (worn)
 u - a +1 cloak (worn)
Jewellery
 e - a ring of see invisible (left hand)
 q - a ring of ice (right hand)
 r - the ring of Guvaepsi {rF+ rN+}
   (You found it on level 4 of the Dungeon)

   [ring of protection from fire]

   rF+:       It protects you from fire.
   rN+:       It protects you from negative energy.
Scrolls
 c - a scroll of butterflies
 g - 5 scrolls of identify {unknown}
 h - a scroll of enchant weapon {unknown}
 j - a scroll of fear {unknown}
 k - a scroll of silence {unknown}
 l - 2 scrolls of immolation {unknown}
 o - a scroll of amnesia {unknown}
 p - 3 scrolls of teleportation {unknown}
 s - a scroll of fog {unknown}
 y - a scroll of revelation {unknown}
 z - 2 scrolls of noise {unknown}
Potions
 d - a potion of curing {unknown}
 f - a potion of haste {unknown}
 i - a potion of degeneration {unknown}
 m - 2 potions of might {unknown}
 n - a potion of enlightenment {unknown}
 t - 2 potions of mutation {unknown}
 v - 2 potions of lignification {unknown}
 w - 2 potions of ambrosia {unknown}
 x - a potion of attraction {unknown}
 A - a potion of berserk rage {unknown}


   Skills:
 + Level 8.5 Fighting
 - Level 2.6 Long Blades
 - Level 1.0 Armour
 - Level 2.1 Dodging
 + Level 5.8 Spellcasting
 + Level 5.8 Conjurations
 + Level 5.8 Hexes
   Level 0.0 Charms
 + Level 5.8 Summonings
 + Level 5.8 Necromancy
 + Level 5.8 Translocations
 + Level 5.8 Transmutations
 + Level 5.8 Fire Magic
 + Level 5.8 Ice Magic
 + Level 5.8 Air Magic
 + Level 5.8 Earth Magic
 + Level 5.8 Poison Magic


You knew the following spells:

 Your Spells              Type           Power      Damage    Failure   Level
a - Necrotise             Necr           100%       1d9       1%          1
b - Scorch                Fire           52%        2d7       2%          2
c - Ensorcelled Hibernat  Hex/Ice        78%        N/A       2%          2
d - Stone Arrow           Conj/Erth      52%        3d10      4%          3
Your spell library was empty.

Dungeon Overview and Level Annotations

Branches:
Dungeon (6/15)
 Temple: D:4-7

Altars:
Hepliaklqana
Uskayaw
Wu Jian

Shops:
D:1 *(*   D:2 ?

Annotations:
D:3 2 transporters, Sirjeffry24's ghost, amateur DjIE


Innate Abilities, Weirdness & Mutations

Your life essence is reduced to manifest your ancestor. (-10% HP)
You are immune to sickness and miasma.
You are immune to poison.
Your flesh is very heat resistant. (rF++)
You are vulnerable to cold. (rC-)
You float through the air rather than walking.
You learn spells naturally, not from books.
Your magical power is your life essence.
You have superior vitality. (+4 MHP)


Message History

Unknown command.
You swap places.
The orc priest shouts!
The orc shouts!
Beorhtric hits the orc.
The adder bites you.
The orc priest mumbles some strange prayers to Xom against you.
Xom smites you!
Beorhtric hits the orc.
The orc dies!
The orc's corpse disappears in a puff of smoke!
The bullfrog releases a deep croak.
The bullfrog swells and bulges.
The adder barely misses you.
The orc priest calls down the wrath of Xom upon you.
Xom smites you!
Beorhtric barely misses the bullfrog.
The orc priest looks braver for a moment.
The orc priest hits Beorhtric with a +0 flail.
Beorhtric hits the orc priest but does no damage.
The adder attacks as it pursues you! The adder closely misses you.
The orc closely misses Beorhtric.
Beorhtric closely misses the orc priest.
The adder attacks as it pursues you! The adder bites you.
The orc hits Beorhtric but does no damage.
The adder bites you.
Beorhtric barely misses the orc priest.
Something hits Beorhtric but does no damage.
The bullfrog closely misses you. The adder attacks as it pursues you!
The adder bites you but does no damage.
The orc priest invokes the aid of Xom against you.
Xom smites you! The bullfrog hits you. The bullfrog attacks as it pursues you!
The bullfrog hits you.
* * * LOW HITPOINT WARNING * * *
The adder bites you.
* * * LOW HITPOINT WARNING * * *
Beorhtric hits the orc priest.
The bullfrog attacks as it pursues you! The bullfrog hits you!
* * * LOW HITPOINT WARNING * * *
There is a stone staircase leading down here.
The bullfrog misses you. The adder bites you but does no damage.
The bullfrog closely misses you.
The orc priest calls down the wrath of Xom upon you.
Xom smites you!
You die...

#.# #..f†.........##.. ###.#
#####..........#..... .#. ..#.#
#...)......##...###... ..#.#
##.)........#.###...# ..#.#
####........#.#.#....# ..#.#
#......÷#####........#### ....#
#.......)......#.........
..#######......(.S...............
#.......l.......@F.O.oo....o.....
#.#######.............#R.........
#.# ####..........#..=....... #.#
#.÷........#.......... #.#
###...................
..############:..................
.f......................##......$
..###########.......######.......
.... #.#######


You could see the friendly Beorhtric the ancestor, an ogre (summoned), a
bullfrog (summoned), 2 orc priests and an adder (summoned, ally target).

Vanquished Creatures
  Sigmund (D:3)
  A wyvern (D:6)
  A water moccasin (D:6)
  3 ice beasts
  A sky beast (D:6)
  A black bear (D:5)
  An orc warrior (D:5)
  2 ogres
  A howler monkey (D:6)
  3 orc priests
  A hound (D:5)
  A sleepcap (D:6)
  2 orc wizards
  4 gnolls
  12 adders
  A shadow imp (D:5)
  3 ufetubi
  2 worms
  2 dart slugs
  12 orcs
  3 ball pythons
  3 bats
  3 endoplasms (D:3)
  6 giant cockroaches
  5 goblins
  6 hobgoblins
  5 kobolds
  4 quokkas
  6 frilled lizards
  2 rats
98 creatures vanquished.

Vanquished Creatures (collateral kills)
  A sleepcap (D:5)
  2 iguanas
  An adder (D:6)
  A shadow imp (D:6)
  2 orcs (D:5)
7 creatures vanquished.

Vanquished Creatures (others)
  2 ancestors (D:6)
2 creatures vanquished.

Grand Total: 107 creatures vanquished

Notes
Turn   | Place    | Note
-------+----------+-------------------------------------------
     0 | D:1      | cforsyth the Djinni Chaos Knight began the quest for the
                  | Orb.
     0 | D:1      | Reached XP level 1. HP: 20/20 MP: 0/0
    93 | D:1      | XOM: butterfly on damage
    97 | D:1      | Reached skill level 1 in Spellcasting
    97 | D:1      | Reached skill level 1 in Conjurations
    97 | D:1      | Reached skill level 1 in Hexes
    97 | D:1      | Reached skill level 1 in Summonings
    97 | D:1      | Reached skill level 1 in Necromancy
    97 | D:1      | Reached skill level 1 in Translocations
    97 | D:1      | Reached skill level 1 in Transmutations
    97 | D:1      | Reached skill level 1 in Fire Magic
    97 | D:1      | Reached skill level 1 in Ice Magic
    97 | D:1      | Reached skill level 1 in Air Magic
    97 | D:1      | Reached skill level 1 in Earth Magic
    97 | D:1      | Reached skill level 1 in Poison Magic
    97 | D:1      | Reached XP level 2. HP: 18/25 MP: 0/0
   150 | D:1      | Reached XP level 3. HP: 26/30 MP: 0/0
   150 | D:1      | Learned a level 1 spell: Necrotise
   225 | D:1      | Found Imueh's Assorted Antiques.
   236 | D:1      | Bought a cyan potion for 28 gold pieces
   383 | D:1      | Found Hevvukic's Weapon Shop.
   448 | D:1      | XOM: silly message
   548 | D:1      | Found Ampiduc's Assorted Antiques.
   901 | D:2      | Reached XP level 4. HP: 27/37 MP: 0/0
   917 | D:2      | XOM: silly message
  1005 | D:2      | Reached skill level 4 in Fighting
  1079 | D:2      | Found Niloeniw's Magic Scroll Emporium.
  1101 | D:2      | Found a faded altar of an unknown god.
  1738 | D:3      | Reached XP level 5. HP: 41/41 MP: 0/0
  1738 | D:3      | Learned a level 2 spell: Scorch
  1755 | D:3      | Noticed Sigmund
  1759 | D:3      | Killed Sigmund
  1760 | D:3      | Reached skill level 5 in Fighting
  1760 | D:3      | Reached XP level 6. HP: 39/49 MP: 0/0
  1941 | D:3      | XOM: smoke on damage
  2002 | D:3      | Found a transporter.
  2003 | D:3      | Noticed Sirjeffry24's ghost (amateur DjIE)
  2390 | D:3      | Identified the +0 buckler of Precision Catastrophes {rPois}
  2401 | D:3      | Found a transporter.
  2791 | D:4      | Noticed an ogre
  2798 | D:4      | Killed an ogre
  2799 | D:4      | Reached XP level 7. HP: 48/55 MP: 0/0
  2799 | D:4      | Learned a level 2 spell: Ensorcelled Hibernation
  2800 | D:4      | Found a hazy altar of Hepliaklqana.
  2817 | D:4      | Found an ornate altar of the Wu Jian Council.
  2824 | D:4      | Fell from the grace of Xom
  2824 | D:4      | Became a worshipper of Hepliaklqana the Forgotten
  3113 | D:4      | XOM: summons 4 hostile shadow creatures
  3258 | D:4      | Identified the ring of Guvaepsi {rF+ rN+}
  3572 | D:5      | Entered Level 5 of the Dungeon
  3581 | D:5      | Reached skill level 6 in Fighting
  3711 | D:5      | Reached XP level 8. HP: 58/62 MP: 0/0
  3828 | D:5      | Reached * piety under Hepliaklqana
  3844 | D:5      | Found a hide-covered altar of Uskayaw.
  3920 | D:5      | Reached skill level 7 in Fighting
  4202 | D:5      | XOM: noise
  4458 | D:6      | XOM: 1-stop teleportation journey
  4477 | D:6      | Reached skill level 5 in Spellcasting
  4477 | D:6      | Reached skill level 5 in Conjurations
  4477 | D:6      | Reached skill level 5 in Hexes
  4477 | D:6      | Reached skill level 5 in Summonings
  4477 | D:6      | Reached skill level 5 in Necromancy
  4477 | D:6      | Reached skill level 5 in Translocations
  4477 | D:6      | Reached skill level 5 in Transmutations
  4477 | D:6      | Reached skill level 5 in Fire Magic
  4477 | D:6      | Reached skill level 5 in Ice Magic
  4477 | D:6      | Reached skill level 5 in Air Magic
  4477 | D:6      | Reached skill level 5 in Earth Magic
  4477 | D:6      | Reached skill level 5 in Poison Magic
  4552 | D:6      | Reached skill level 8 in Fighting
  4552 | D:6      | Reached XP level 9. HP: 32/63 MP: 0/0
  4552 | D:6      | Learned a level 3 spell: Stone Arrow
  4684 | D:6      | XOM: 6-stop teleportation journey
  4825 | D:6      | XOM: summons 4 hostile shadow creatures
  4838 | D:6      | Killed from afar by an orc priest

Illustrated notes

Levels and vault maps discovered:
D:1:      wheals_arrival_shading, layout_loops_ring, serial_shops, shop, shop,
          nicolae_shop_bloodbath_and_beyond
D:2:      layout_basic, serial_shops, shop, hellmonk_ecumenical_altar_crossroads
D:3:      minmay_angry_zag, layout_loops_ring, gammafunk_ghost_gnarly_gnolls,
          uniq_sigmund
D:4:      layout_loops_ring, nicolae_overflow_two_pavilions
D:5:      layout_cave_pools, kennysheep_little_box, minmay_checkerbox
D:6:      layout_basic, minmay_temple_entry_slanted, serial_shops, shop

Skill      XL: |  1  2  3  4  5  6  7  8 |
---------------+-------------------------+-----
Spellcasting   | 1 2 3 4 5 |  5.8
Conjurations   | 1 2 3 4 5 |  5.8
Hexes          | 1 2 3 4 5 |  5.8
Summonings     | 1 2 3 4 5 |  5.8
Necromancy     | 1 2 3 4 5 |  5.8
Translocations | 1 2 3 4 5 |  5.8
Transmutations | 1 2 3 4 5 |  5.8
Fire Magic     | 1 2 3 4 5 |  5.8
Ice Magic      | 1 2 3 4 5 |  5.8
Air Magic      | 1 2 3 4 5 |  5.8
Earth Magic    | 1 2 3 4 5 |  5.8
Poison Magic   | 1 2 3 4 5 |  5.8
Fighting       | 4 5 6 8 |  8.5
Long Blades    | |  2.6
Armour         | |  1.0
Dodging        | |  2.1

Action                     |  1- 3 |  4- 6 |  7- 9 || total
---------------------------+-------+-------+-------++-------
  Melee: Falchion          |    57 |   105 |     3 ||   165
         Punch             |       |     3 |       ||     3
   Cast: Scorch            |       |    24 |   108 ||   132
         Stone Arrow       |       |       |     1 ||     1
 Invoke: Recall Ancestor   |       |       |     1 ||     1
    Use: Potion            |       |     1 |       ||     1
   Stab: Sleeping          |     1 |     2 |       ||     3
 Armour: Leather armour    |    40 |    97 |    54 ||   191
  Dodge: Dodged            |    48 |    63 |    41 ||   152

Table legend: (Time is in decaauts)
 A = Elapsed time spent in this place.
 B = Non-inter-level travel time spent in this place.
 C = Inter-level travel time spent in this place.
 D = Time resting spent in this place.
 E = Time spent auto-exploring this place.
 F = Levels seen in this place.
 G = Mean time per level.
                   A        B        C        D        E       F      G
               +--------+--------+--------+--------+--------+-----+--------+
         Total |   4869 |   4753 |    116 |      6 |   3971 |   6 |  811.5 |
       Dungeon |   4869 |   4753 |    116 |      6 |   3971 |   6 |  811.5 |
               +--------+--------+--------+--------+--------+-----+--------+

Top non-repeatable levels by time:
     D:3: 1043 daAuts
     D:2: 880 daAuts
     D:5: 878 daAuts
     D:4: 843 daAuts
     D:1: 828 daAuts
     D:6: 394 daAuts
